 Dungeon Crawl Stone Soup version 0.27-a0-396-g03f4e8edb7 (webtiles) character file.

Game seed: 14498699460570583823

146 Morbidden the Grave Robber (level 5, -3/37 HPs)
             Began as a Demonspawn Necromancer on Feb 21, 2021.
             Slain by a gnoll
             ... wielding a +0 flail
              (11 damage)
             ... on level 3 of the Dungeon.
             The game lasted 00:04:44 (4316 turns).

Morbidden the Grave Robber (Demonspawn Necromancer) Turns: 4316, Time: 00:04:45

Health: -3/37      AC:  3    Str:  8    XL:     5   Next: 7%
Magic:  6/9        EV: 12    Int: 18    God:
Gold:   218        SH:  0    Dex: 13    Spells: 6/10 levels left

rFire    . . .     SeeInvis .   (no weapon)
rCold    . . .     Faith    .   (no shield)
rNeg     . . .     Spirit   .   p - +1 robe {Will+}
rPois    .         Reflect  .   (helmet restricted)
rElec    .         Harm     .   (no cloak)
rCorr    .         Rampage  .   (no gloves)
Will     +....                  (no boots)
Stlth    ++........             (no amulet)
HPRegen  0.12/turn              (no ring)
MPRegen  0.11/turn              (no ring)

@: no status effects
A: claws 1, hooves 1, horns 1
a: no special abilities


You were on level 3 of the Dungeon.
You visited 1 branch of the dungeon, and saw 3 of its levels.

You collected 218 gold pieces.

Inventory:

Armour
 p - a +1 robe of willpower (worn)
Wands
 n - a wand of polymorph (2)
Scrolls
 b - 2 scrolls of amnesia {unknown}
 d - a scroll of fog {unknown}
 e - 4 scrolls of teleportation {unknown}
 i - a scroll of enchant armour {unknown}
 m - a scroll of magic mapping {unknown}
Potions
 c - a potion of curing
 f - a potion of haste {unknown}
 g - a potion of heal wounds {unknown}
 h - 2 potions of lignification {unknown}
 j - a potion of degeneration {unknown}
 k - 2 potions of cancellation {unknown}
 l - a potion of attraction {unknown}
 o - 2 potions of berserk rage {unknown}


   Skills:
 * Level 1.0 Fighting
 * Level 2.1 Dodging
 + Level 2.0 Stealth
 + Level 0.7 Unarmed Combat
 * Level 3.3 Spellcasting
 * Level 5.6 Necromancy


You had 6 spell levels left.
You knew the following spells:

 Your Spells              Type           Power        Failure   Level
a - Pain                  Necr           92%          1%          1
b - Vampiric Draining     Necr           11%          4%          3

Your spell library contained the following spells:

 Spells                   Type           Power        Failure   Level
 Animate Skeleton         Necr           46%          1%          1
 Animate Dead             Necr           11%          16%         4
 Agony                    Necr           23%          41%         5


Dungeon Overview and Level Annotations

Branches:
Dungeon (3/15)

Altars:


Innate Abilities, Weirdness & Mutations

You have sharp fingernails.
You have large cloven feet.
You have a pair of small horns on your head.


Message History

The jackal is moderately wounded.
The jackal bites you. x2
Unknown command.
You barely miss the jackal.
The jackal is moderately wounded.
The jackal bites you but does no damage.
You scratch the jackal but do no damage.
The jackal is moderately wounded.
The jackal bites you. The jackal barely misses you.
You scratch the jackal.
The jackal is heavily wounded.
The jackal bites you.
You scratch the jackal. You headbutt the jackal.
You kill the jackal!
Your Fighting skill increases to level 1!
You scratch the kobold but do no damage.
You kick the kobold.
The kobold is heavily wounded.
The kobold completely misses you.
You miss the kobold. Your kick misses the kobold.
The kobold is heavily wounded.
The kobold completely misses you.
You scratch the kobold but do no damage.
The kobold is heavily wounded.
The kobold hits you with a +0 short sword.
You barely miss the kobold.
The kobold is heavily wounded.
The kobold hits you with a +0 short sword!
* * * LOW HITPOINT WARNING * * *
Unknown command.
Casting: Vampiric Draining (dangerous; 4% risk of failure)
Confirm with . or Enter, or press ? or * to list all spells.
Aiming: Vampiric Draining (dangerous; 4% risk of failure)
Press: ? - help, Shift-Dir - straight line, f - kobold
Aim: a kobold, wielding a +0 short sword (heavily wounded)
You kill the kobold!
You feel life coursing into your body.
Unknown command.
The gnoll hits you with a +0 flail!
You die...

..........## .........##
..#.#.. #.†...#..# ..#.#.#
#........#
#.#.#.####+######)...♣.♣.#
#.#.#..........ol♣.♣..♣
#...#.........g.♣.♣♣♣♣♣
#...#........g♣♣♣.♣
#...#.......@.♣♣♣♣.
#..............♣ ♣♣ ###
#..........##.♣♣ ..#
#..........###.♣♣♣ ..#
#.#........# #...♣ ..#
#.#....#...# ##.♣♣♣ ..#
#.#...#....# #..♣.♣... ..#
#.#...#....###.........
..###.#..>.........####....


You could see 2 gnolls, an orc and a frilled lizard.

Vanquished Creatures
  Jessica (D:3)
  4 adders
  2 worms
  3 dart slugs
  A leopard gecko (D:1)
  An orc (D:3)
  5 giant cockroaches
  4 goblins
  5 hobgoblins
  11 jackals
  13 kobolds
  A ball python (D:1)
  3 bats
  7 frilled lizards
  6 rats
67 creatures vanquished.

Vanquished Creatures (others)
  6 toadstools (D:3)
6 creatures vanquished.

Grand Total: 73 creatures vanquished

Notes
Turn   | Place    | Note
-------+----------+-------------------------------------------
     0 | D:1      | Morbidden the Demonspawn Necromancer began the quest for
                  | the Orb.
     0 | D:1      | Reached XP level 1. HP: 13/13 MP: 3/3
   509 | D:1      | Gained mutation: You have a pair of small horns on your
                  | head. [demonic ancestry]
   509 | D:1      | Reached XP level 2. HP: 16/19 MP: 1/5
   641 | D:1      | Reached skill level 5 in Necromancy
  1388 | D:1      | Gained mutation: You have sharp fingernails. [demonic
                  | ancestry]
  1388 | D:1      | Reached XP level 3. HP: 10/24 MP: 0/6
  1931 | D:1      | Learned a level 3 spell: Vampiric Draining
  3136 | D:2      | Reached XP level 4. HP: 31/31 MP: 8/8
  3201 | D:2      | Noticed a phantom
  4143 | D:3      | Noticed Jessica
  4150 | D:3      | Killed Jessica
  4197 | D:3      | Gained mutation: You have large cloven feet. [demonic
                  | ancestry]
  4197 | D:3      | Reached XP level 5. HP: 33/36 MP: 5/9
  4308 | D:3      | Reached skill level 1 in Fighting
  4316 | D:3      | Slain by a gnoll

Illustrated notes

Levels and vault maps discovered:
D:1:      erik_arrival_cave_to_civilisation [erik_arrival_cave_to_hall],
          layout_basic
D:2:      layout_basic, minmay_ruptured
D:3:      lemuel_castle_with_subvaults [lemuel_castle_interior_carwin_2],
          layout_basic, serial_rivers, chequers_serial_rivers_micro_d,
          chequers_serial_rivers_room_b, chequers_serial_rivers_room_b,
          chequers_serial_rivers_small_3, chequers_serial_rivers_micro_a,
          chequers_ecumenical_altar_grove, minmay_gold_behind_fungi,
          uniq_terence, uniq_jessica

Skill      XL: |  1  2  3  4  5 |
---------------+----------------+-----
Necromancy     | 5 |  5.6
Dodging        | 2 |  2.1
Stealth        | 2 |  2.0
Spellcasting   | 3 |  3.3
Fighting       | 1 |  1.0
Unarmed Combat | |  0.7

Action                   |  1- 3 |  4- 6 || total
-------------------------+-------+-------++-------
Melee: Unarmed           |   107 |    68 ||   175
       Headbutt          |    12 |     8 ||    20
       Kick              |       |     6 ||     6
 Cast: Pain              |    49 |    26 ||    75
       Vampiric Draining |     2 |     5 ||     7
  Use: Potion            |       |     1 ||     1
 Stab: Sleeping          |     1 |     1 ||     2
Armor: Robe              |    13 |    18 ||    31
Dodge: Dodged            |   101 |    39 ||   140

Table legend: (Time is in decaauts)
 A = Elapsed time spent in this place.
 B = Non-inter-level travel time spent in this place.
 C = Inter-level travel time spent in this place.
 D = Time resting spent in this place.
 E = Time spent auto-exploring this place.
 F = Levels seen in this place.
 G = Mean time per level.
                   A        B        C        D        E       F      G
               +--------+--------+--------+--------+--------+-----+--------+
         Total |   4324 |   4252 |     72 |    688 |   3015 |   3 | 1441.3 |
       Dungeon |   4324 |   4252 |     72 |    688 |   3015 |   3 | 1441.3 |
               +--------+--------+--------+--------+--------+-----+--------+

Top non-repeatable levels by time:
     D:1: 2784 daAuts
     D:2: 931 daAuts
     D:3: 608 daAuts
